Map: Eternal Empire LE

Players

Cliver - Winner!

  • Race: Protoss Protoss
  • League: Silver
  • Spawn Location: 7:00

Ratl

  • Race: Protoss Protoss
  • League: Silver
  • Spawn Location: 1:00

VOD

Have the link to the VOD?

Description

Time

  • Played on: Feb. 15, 2020, 12:12 p.m.
  • Length: 6:31
Show
View Real Time Build Order
Export as new Build Order

Cliver Protoss - Winner!

Build Orders:  

Get SALT Encoding   

  12  0:01  Probe  
  13  0:13  Probe  
  14  0:18  Pylon  
  14  0:26  Probe (Chrono Boost)  
  15  0:38  Probe (Chrono Boost)  
  15  0:42  Gateway  
  16  0:47  Probe (Chrono Boost)  
  17  0:52  Probe, Assimilator  
  18  1:04  Probe  
  19  1:16  Probe  
  20  1:22  Assimilator  
  20  1:25  Pylon  
  20  1:38  Cybernetics Core  
  20  1:43  Gateway  
  20  1:46  Probe  
  21  1:58  Probe  
  22  2:10  Probe  
  22  2:12  Warp Gate (Chrono Boost)  
  23  2:19  Gateway  
  23  2:32  Twilight Council  
  23  2:41  Stalker (Chrono Boost)  
  23  2:43  Robotics Facility  
  23  2:50  Gateway  
  25  2:56  Pylon  
  25  3:00  Gateway  
  25  3:17  Gateway  
  25  3:21  Charge  
  25  3:30  Gateway  
  25  3:35  Observer (Chrono Boost)  
  25  3:36  Pylon  
  26  3:51  Warp Prism (Chrono Boost)  
  28  4:07  Gateway  
  28  4:11  Gateway  
  28  4:14  Pylon  
  28  4:21  Observer  
  28  4:52  Zealot x2  
  32  4:53  Zealot x2  
  32  4:54  Zealot x2  
  40  5:18  Stalker  
  40  5:19  Stalker  
  40  5:20  Zealot, Stalker  
  47  5:27  Zealot  
  47  5:43  Zealot x2  
  47  5:44  Zealot  
  53  6:07  Zealot x2  
Show
View Real Time Build Order
Export as new Build Order

Ratl Protoss 

Build Orders:  

Get SALT Encoding   

  12  0:01  Probe  
  13  0:13  Probe  
  14  0:19  Pylon  
  14  0:25  Probe  
  15  0:37  Probe  
  15  0:38  Gateway  
  16  0:49  Probe (Chrono Boost)  
  17  0:53  Assimilator  
  17  1:01  Probe (Chrono Boost)  
  18  1:06  Probe (Chrono Boost)  
  19  1:16  Probe  
  20  1:24  Gateway  
  20  1:28  Probe  
  20  1:29  Cybernetics Core  
  20  1:40  Probe (Chrono Boost)  
  20  1:43  Assimilator  
  21  1:49  Probe (Chrono Boost)  
  22  1:55  Probe  
  22  2:00  Pylon  
  23  2:03  Pylon  
  23  2:14  Warp Gate  
  23  2:18  Probe  
  24  2:27  Nexus  
  24  2:30  Probe  
  25  2:38  Stalker  
  25  2:43  Probe (Chrono Boost)  
  29  2:52  Probe (Chrono Boost)  
  29  2:53  Stalker  
  29  2:57  Probe (Chrono Boost)  
  32  3:09  Probe  
  35  3:13  Sentry  
  35  3:21  Probe  
  35  3:22  Robotics Facility  
  36  3:33  Probe (Chrono Boost)  
  37  3:41  Probe (Chrono Boost)  
  38  3:43  Probe (Chrono Boost), Stalker  
  38  3:46  Stalker  
  44  3:48  Probe (Chrono Boost)  
  44  3:50  Probe (Chrono Boost)  
  44  3:53  Probe (Chrono Boost)  
  46  3:59  Probe  
  47  4:05  Probe  
  48  4:10  Nexus  
  48  4:11  Probe  
  49  4:17  Probe  
  49  4:19  Pylon  
  49  4:24  Probe, Assimilator  
  51  4:29  Probe  
  51  4:30  Observer  
  53  4:35  Assimilator  
  53  4:36  Probe  
  54  4:40  Pylon  
  54  4:41  Probe  
  54  4:43  Stalker x2  
  59  4:48  Probe  
  60  4:55  Probe (Chrono Boost)  
  60  4:58  Pylon  
  61  5:00  Probe (Chrono Boost)  
  61  5:05  Immortal  
  67  5:10  Probe (Chrono Boost)  
  67  5:11  Probe (Chrono Boost)  
  68  5:16  Probe (Chrono Boost)  
  70  5:21  Probe (Chrono Boost)  
  70  5:22  Probe (Chrono Boost)  
  72  5:32  Probe x2 (Chrono Boost)  
  72  5:33  Probe (Chrono Boost)  
  72  5:35  Forge  
  74  5:37  Probe (Chrono Boost), Forge  
  74  5:38  Probe, Forge  
  74  5:41  Stalker  
  74  5:42  Probe, Stalker  
  58  5:59  Probe  
  35  6:06  Probe x2  
  35  6:08  Stalker  
  35  6:09  Stalker  
  36  6:11  Probe  
  36  6:18  Probe x2  
Tags
 
Add a new tag
Caveats
  • Supply blocks, unpowered buildings, or Contaminate may cause inaccurate times.
  • Supply counts are checked every 10 seconds.